 Dungeon Crawl Stone Soup version 0.31.0-9-g3a7656b989 (webtiles) character file.

Game seed: 13073918109700092529

66 qw the Shooter (level 3, -2/20 HPs)
             Began as a Deep Elf Hunter on Feb 2, 2024.
             Killed from afar by Natasha (9 damage)
             ... with a magic dart
             ... on level 2 of the Dungeon.
             The game lasted 00:00:03 (1135 turns).

qw the Shooter (Deep Elf Hunter)                    Turns: 1135, Time: 00:00:04

Health: -2/20      AC:  4    Str: 10    XL:     3   Next: 96%
Magic:  5/5        EV: 12    Int: 13    God:
Gold:   113        SH:  0    Dex: 18    Spells: 2/2 levels left

rFire   . . .        a - +0 shortbow
rCold   . . .        (shield currently unavailable)
rNeg    . . .        c - +0 leather armour
rPois   .            (no helmet)
rElec   .            d - +0 cloak
rCorr   .            (no gloves)
SInv    .            (no boots)
Will    .....        (no amulet)
Stlth   ++           (no ring)
HPRegen 0.23/turn    (no ring)
MPRegen 0.09/turn

%: no passive effects
@: no status effects
A: no striking features
a: no special abilities


You were on level 2 of the Dungeon.
You visited 1 branch of the dungeon, and saw 2 of its levels.

You collected 113 gold pieces.


   Skills:
 - Level 1.5 Fighting
 + Level 7.4 Ranged Weapons
 - Level 2.4 Dodging
 - Level 1.2 Stealth


You had 2 spell levels left.
You didn't know any spells.
Your spell library was empty.

Inventory:

Hand Weapons
 a - a +0 shortbow (weapon)
Armour
 c - a +0 leather armour (worn)
 d - a +0 cloak (worn)
Wands
 f - a wand of acid (8)
Scrolls
 b - a scroll of fog {unknown}
 e - 2 scrolls of identify
 g - a scroll of vulnerability {unknown}
Potions
 h - 2 potions of heal wounds {unknown}

Dungeon Overview and Level Annotations

Branches:
Dungeon (2/15)

Altars:

Annotations:
D:2 Natasha


Message History

The ribbon worm is almost dead.
You shoot an arrow. The arrow hits the ribbon worm!
You kill the ribbon worm!
You start resting.
HP restored.
Found an escape hatch in the floor.
A ball python comes into view.
Found 4 gold pieces.
You shoot an arrow. The arrow hits the ball python!
You kill the ball python!
You now have 109 gold pieces (gained 9).
You now have 113 gold pieces (gained 4).
Found a stone staircase leading up.
Enter note:
Enter note:
Enter note:
There is a stone staircase leading up here.
Found 2 atropa-tipped darts.
Enter note:
Enter note: Natasha, Servant of Life and Death comes into view.
You shoot an arrow.
Natasha hisses angrily.
The arrow hits Natasha but does no damage.
Natasha stares at you and mumbles some strange words.
You resist with some effort.
You shoot an arrow. The arrow closely misses Natasha.
Natasha is nearby!
You shoot an arrow. The arrow hits Natasha!
Natasha is severely wounded.
You shoot an arrow. The arrow completely misses Natasha.
You shoot an arrow. The arrow closely misses Natasha.
Natasha claws you!
You shoot an arrow. The arrow barely misses Natasha.
Natasha claws you.
You shoot an arrow. The arrow closely misses Natasha.
Natasha casts a spell at you. The magic dart hits you!
You die...
Natasha curls up and begins to purr.

####.# #.....# #.# #.#
#####.# #.####### #.#
#.###.#.....# #.#
#.##........# #.#
#.##........##### #.#
#..............(# #.#
#...........###.# #.#
###......###...##.# #.#
#......@..#.....#.###
#.#
#.#....h............#
#.#
#...#..........#..#.##
#.#
#..##..........##....#
#.#
#.....................#
#<#
#.......~~~~~~........#
#.##
#......~~####~~.......#
#.#. .#....(~##
##~....(..# #.#.
##....~# #~.....#.#


You could see Natasha.

Vanquished Creatures
  Natasha (D:2)
  An adder (D:2)
  2 ribbon worms (D:2)
  2 dart slugs
  2 endoplasms
  A giant cockroach (D:1)
  3 goblins
  3 hobgoblins
  A quokka (D:1)
  3 ball pythons
  2 kobolds (D:2)
  2 rats (D:2)
23 creatures vanquished.

Notes
Turn   | Place    | Note
-------+----------+-------------------------------------------
     0 | D:1      | qw the Deep Elf Hunter began the quest for the Orb.
     0 | D:1      | Reached XP level 1. HP: 12/12 MP: 3/3
     0 | D:1      | 0 ||| qw: Version: 0.3-a-155-g5e7d8dd
     0 | D:1      | 0 ||| qw: Game counter: 2599
     0 | D:1      | 0 ||| qw: Melee chars always use a shield: true
     0 | D:1      | 0 ||| qw: God list: Okawaru
     0 | D:1      | 0 ||| qw: Allow faded altars: false
     0 | D:1      | 0 ||| qw: Do Orc after clearing Dungeon:15 true
     0 | D:1      | 0 ||| qw: Do second Lair branch before Depths: true
     0 | D:1      | 0 ||| qw: Lair rune preference: random
     0 | D:1      | 0 ||| qw: Goals: Normal
     0 | D:1      | 0 ||| PLANNING D:1-11
   180 | D:1      | Reached XP level 2. HP: 16/16 MP: 4/4
   221 | D:1      | Reached skill level 6 in Ranged Weapons
   571 | D:1      | 571 ||| UPGRADING to +0 cloak.
   576 | D:1      | 576 ||| READING 3 scrolls labelled QOS XUDOTINICS.
   576 | D:1      | 576 ||| IDENTIFYING scroll labelled SAENLO MIDEI
   577 | D:1      | 577 ||| READING 2 scrolls of identify.
   577 | D:1      | 577 ||| IDENTIFYING scroll labelled PAN VYTAXKAESCH
   578 | D:1      | 578 ||| DROPPING scroll of butterflies.
   579 | D:1      | 579 ||| DROPPING scroll of blinking.
   580 | D:1      | 580 ||| DROPPING scroll of fear.
   903 | D:2      | Reached XP level 3. HP: 20/20 MP: 5/5
   959 | D:2      | Noticed Natasha
   963 | D:2      | 963 ||| FLEEEEING.
   964 | D:2      | Killed Natasha
   965 | D:2      | Reached skill level 7 in Ranged Weapons
  1127 | D:2      | Noticed Natasha
  1135 | D:2      | Killed from afar by Natasha

Levels and vault maps discovered:
D:1:      matt_arrival_diagonals, layout_basic, item_on_display_a
D:2:      layout_loops_ring, kennysheep_decorative_pillar, uniq_natasha

Skill      XL: |  1  2  3 |
---------------+----------+-----
Ranged Weapons | 6 7 |  7.4
Fighting       | |  1.5
Dodging        | |  2.4
Stealth        | |  1.2

Action                     || total
---------------------------++-------
   Fire: Shortbow          ||    73
    Use: Scroll            ||     2
 Armour: Leather armour    ||    12
  Dodge: Dodged            ||     5

Table legend:
 A = Non-vault XP
 B = Vault XP
 C = Vault XP percentage of total XP
 D = Non-vault monster count
 E = Vault monster count
 F = Vault count percentage of total count
                 A         B        C        D         E       F
            +---------+---------+-------+---------+---------+-------
      Total |      60 |      35 |  36.8 |      22 |       1 |   4.3
            +---------+---------+-------+---------+---------+-------
        D:1 |      19 |       0 |   0.0 |       9 |       0 |   0.0
        D:2 |      41 |      35 |  46.1 |      13 |       1 |   7.1
            +---------+---------+-------+---------+---------+-------
